 Dungeon Crawl Stone Soup version 0.31.0-12-g77e489cdc1 (webtiles) character file.

Game seed: 18134798486722979257

57 brittlin the Chopper (level 3, -2/49 HPs)
             Began as a Minotaur Berserker on Feb 27, 2024.
             Was a Follower of Trog.
             Killed from afar by a dart slug (3 damage)
             ... with a slug dart
             ... on level 2 of the Dungeon.
             The game lasted 00:03:15 (918 turns).

brittlin the Chopper (Minotaur Berserker)            Turns: 918, Time: 00:03:15

Health: -2/49      AC:  2    Str: 23    XL:     3   Next: 73%
Magic:  2/2        EV: 12    Int:  4    God:    Trog [*.....]
Gold:   75         SH:  0    Dex:  9    Spells: 2/2 levels left

rFire   . . .        a - +0 hand axe
rCold   . . .        (no shield)
rNeg    . . .        b - +0 animal skin
rPois   .            (helmet restricted)
rElec   .            (no cloak)
rCorr   .            (no gloves)
SInv    .            (no boots)
Will    ++...        (no amulet) Stlth
                     (no ring)
HPRegen 1.28/turn    (no ring)
MPRegen 0.08/turn

%: no passive effects
@: berserking, lethally poisoned (-2 -> -2), strong-willed, regenerating, very
quick
A: horns 2, retaliatory headbutt
a: Renounce Religion, Berserk


You were on level 2 of the Dungeon.
You worshipped Trog.
Trog was aware of your devotion.
You visited 1 branch of the dungeon, and saw 2 of its levels.

You collected 75 gold pieces.

Inventory:

Hand Weapons
 a - a +0 hand axe (weapon)
Missiles
 k - 4 boomerangs (quivered)
 n - 2 throwing nets {!f}
Armour
 b - a +0 animal skin (worn)
 g - a +0 plate armour
Scrolls
 c - a scroll of vulnerability
 d - a scroll of enchant armour {unknown}
 f - a scroll of blinking {unknown}
 h - a scroll of acquirement {unknown}
 i - a scroll of teleportation {unknown}
 l - a scroll of poison {unknown}
 m - 2 scrolls of identify {unknown}
Potions
 e - a potion of haste {unknown}
 j - a potion of magic {unknown}


   Skills:
 + Level 4.2 Fighting
 + Level 4.2 Axes
 + Level 3.2 Armour
 + Level 3.0 Dodging


You had 2 spell levels left.
You didn't know any spells.
Your spell library was empty.

Dungeon Overview and Level Annotations

Branches:
Dungeon (2/15)

Altars:

Shops:
D:1 *


Innate Abilities, Weirdness & Mutations

You have a pair of horns on your head.
You reflexively headbutt those who attack you in melee.


Message History

The adder poisons you! The adder bites you.
* * * LOW HITPOINT WARNING * * *
There is a stone staircase leading up here.
Your skin crawls.
You feel strong-willed.
You can no longer call upon Trog for regeneration and willpower.
You feel very sick. The adder barely misses you. You furiously retaliate!
You headbutt the adder!
A red film seems to cover your vision as you go berserk!
You feel yourself moving faster!
You feel mighty!
You feel sick. The adder barely misses you.
The orc enters a dispersal trap!
The adder blinks!
The rat blinks! x2; The dart slug blinks!
You blink.
The orc blinks!
You are too berserk!
You feel a strong urge to attack something.
You feel sick. The adder bites you but does no damage.
The dart slug launches a dart at you. The slug dart hits you.
* * * LOW HITPOINT WARNING * * *
You barely miss the adder. Your headbutt misses the adder.
The adder is severely wounded.
You feel sick. The adder closely misses you.
You hit the adder. Your headbutt misses the adder.
The adder is almost dead.
You closely miss the rat.
You feel sick. The adder closely misses you. The rat bites you.
* * * LOW HITPOINT WARNING * * *
You barely miss the adder.
The adder is almost dead.
You barely miss the rat.
You feel sick. The adder bites you.
* * * LOW HITPOINT WARNING * * *
You slash the adder!
You kill the adder!
Trog accepts your kill.
You hit the rat.
You kill the rat!
Trog accepts your kill.
You feel sick. The dart slug launches a dart at you. The slug dart hits you.
You die...

#### ##...## ##.....##
#....>..# #.......#
#.......###########
##.....##...o.....#
###.......#...w.@...#
..........#...<†.†..#
<..............^....#
.........##......|..#
........###.#####...#####
#####. .....##......#
##....).##......
.....##....#.#
##........#
.###.......#.##
#.#....### .#
####.......### #.####...#


You could see a dart slug and an orc.

Vanquished Creatures
  2 gnolls (D:1)
  An adder (D:2)
  2 dart slugs
  A ribbon worm (D:2)
  3 ball pythons
  2 endoplasms (D:1)
  3 giant cockroaches (D:1)
  2 goblins (D:1)
  3 hobgoblins
  2 kobolds (D:1)
  3 quokkas
  6 rats
30 creatures vanquished.

Notes
Turn   | Place    | Note
-------+----------+-------------------------------------------
     0 | D:1      | brittlin the Minotaur Berserker began the quest for the
                  | Orb.
     0 | D:1      | Reached XP level 1. HP: 19/19 MP: 0/0
   129 | D:1      | Reached XP level 2. HP: 27/27 MP: 1/1
   136 | D:1      | Found Kuatin's Assorted Antiques.
   447 | D:1      | Reached XP level 3. HP: 20/33 MP: 2/2
   450 | D:1      | Reached ** piety under Trog
   917 | D:2      | HP: 2/49 [poisoned by an adder]
   918 | D:2      | Killed from afar by a dart slug

Illustrated notes

Levels and vault maps discovered:
D:1:      eino_arrival_druids_welcome, layout_rooms, serial_shops,
          nicolae_shop_trees, minmay_misc_feat_cross, palyth_stone_intersect,
          nrook_mini_backslash
D:2:      layout_rooms

Skill      XL: |  1  2  3 |
---------------+----------+-----
Axes           | 4 |  4.2
Fighting       | 4 |  4.2
Armour         | 3 |  3.2
Dodging        | 3 |  3.0

Action                     || total
---------------------------++-------
  Melee: Hand axe          ||    65
         Headbutt          ||    12
 Invoke: Berserk           ||     1
         Trog's Hand       ||     1
    Use: Scroll            ||     1
 Armour: Animal skin       ||    45
  Dodge: Dodged            ||    43
